 Dungeon Crawl Stone Soup version 0.31.0-11-ge490571c62 (webtiles) character file.

Game seed: 10276673720949149580

16489 Gadfly the Martial Artist (level 12, 0/93 HPs)
             Began as a Demonspawn Monk on Feb 5, 2024.
             Was an Elder of Ru.
             Slain by a cyan ugly thing (13 damage)
             ... on level 12 of the Dungeon.
             The game lasted 00:21:54 (11546 turns).

Gadfly the Martial Artist (Demonspawn Monk)        Turns: 11546, Time: 00:21:55

Health: 0/93       AC:  8    Str: 16    XL:     12   Next: 10%
Magic:  12/12      EV: 21    Int: 10    God:    Ru [****..]
Gold:   540        SH:  0    Dex: 29    Spells: 8/11 levels left

rFire   . .          .
                       - Unarmed
rCold   . . .        (no shield)
rNeg    . . .        G - +0 steam dragon scales
rPois   .            m - +1 helmet
rElec   .            (cloak unavailable)
rCorr   .            t - +2 pair of gloves {Stlth+}
SInv    .            (no boots)
Will    .....        u - amulet of regeneration
Stlth   +++          a - +6 ring of dexterity
HPRegen 1.15/turn    w - +6 ring of dexterity
MPRegen 0.13/turn

%: no passive effects
@: no status effects
A: slimy green scales 2, foul stench 1, powered by death 2, hated by all, no ice
magic, no alchemy magic, no translocations magic, reduced AC 1, weakness stinger
3
a: Renounce Religion, Draw Out Power, Power Leap


You were on level 12 of the Dungeon.
You worshipped Ru.
Ru was greatly pleased with you.
You visited 2 branches of the dungeon, and saw 13 of its levels.

You collected 752 gold pieces.
You spent 212 gold pieces at shops.

Inventory:

Hand Weapons
 b - a +2 spectral falchion
 n - a +0 dagger of electrocution
 H - the +2 spear of Juxeg {freeze, Dex+3}
   (You found it on level 8 of the Dungeon)

   Dex+3:     It affects your dexterity (+3).
 L - a +1 whip of venom
Armour
 c - an orb of light
 m - a +1 helmet (worn)
 t - a +2 pair of gloves of stealth (worn)
 v - a +2 robe of positive energy
 G - +0 steam dragon scales (worn)
Jewellery
 a - a +6 ring of dexterity (left hand)
 u - an amulet of regeneration (around neck)
 w - a +6 ring of dexterity (right hand)
 B - a ring of resist corrosion
 F - a +4 ring of protection
Talismans
 z - a blade talisman
 J - a serpent talisman
Wands
 f - a wand of light (24) (quivered)
 q - a wand of flame (9)
 A - a wand of roots (10)
 D - a wand of polymorph (11)
Scrolls
 g - 2 scrolls of fear
 i - a scroll of summoning
 j - 2 scrolls of enchant weapon
 o - 4 scrolls of blinking
 r - a scroll of revelation
 y - 4 scrolls of identify
 C - 5 scrolls of teleportation
 E - a scroll of vulnerability
Potions
 d - 2 potions of enlightenment
 e - a potion of resistance
 h - 4 potions of heal wounds
 k - 3 potions of curing
 l - a potion of ambrosia
 p - a potion of berserk rage
 s - a potion of lignification
 x - 2 potions of attraction
 K - a potion of mutation


   Skills:
 + Level 8.2 Fighting
 * Level 8.4 Dodging
 * Level 9.8 Unarmed Combat
 + Level 8.2 Evocations
 * Level 8.4 Shapeshifting


You had 8 spell levels left.
You knew the following spells:

 Your Spells              Type           Power      Damage    Failure   Level
a - Swiftness             Air            0%         N/A       75%         3

Your spell library contained the following spells:

 Spells                   Type           Power      Damage    Failure   Level
 Shock                    Conj/Air       0%         1d3       36%         1
 Airstrike                Air            0%         2d(0-16)  98%         4


Dungeon Overview and Level Annotations

Branches:
Dungeon (12/15)            Temple (1/1) D:4            Lair (0/5) D:10
    Orc: D:9-12

Altars:
Ashenzari
Cheibriados
Dithmenos
Gozag
Kikubaaqudgha
Makhleb
Nemelex Xobeh
Okawaru
Qazlal
Ru
Sif Muna
Trog
Uskayaw
Vehumet
Wu Jian
Xom

Shops:
D:5 *   D:11 !


Innate Abilities, Weirdness & Mutations

You are mostly covered in slimy green scales. (AC +3)
You may rarely emit foul miasma when damaged in melee.
You regenerate health from kills.
You are hated by all.
You cannot study or cast Ice magic.
You cannot study or cast Alchemy magic.
You cannot study or cast Translocations magic.
You take slightly more damage. (AC -5)
You have a sharp stinger which inflicts weakening toxins.


Message History

You punch the cyan ugly thing.
The cyan ugly thing is lightly wounded.
The kobold is stunned by your conviction and fails to attack.
The cyan ugly thing is stunned by your conviction and fails to attack.
You punch the cyan ugly thing!
The cyan ugly thing is moderately wounded.
The kobold completely misses you.
The cyan ugly thing gores you but does no damage.
You barely miss the cyan ugly thing.
The cyan ugly thing is moderately wounded.
The kobold misses you. The cyan ugly thing gores you.
The cyan ugly thing shocks you!
You punch the cyan ugly thing!
You tail-slap the cyan ugly thing, but do no damage.
The cyan ugly thing is moderately wounded.
The kobold closely misses you. The cyan ugly thing gores you.
The cyan ugly thing shocks you!
You completely miss the cyan ugly thing.
The cyan ugly thing is moderately wounded.
The cyan ugly thing gores you. The cyan ugly thing shocks you!
* * * LOW HITPOINT WARNING * * *
The kobold barely misses you.
You hit the cyan ugly thing but do no damage.
The cyan ugly thing is moderately wounded.
You punch the cyan ugly thing!
The cyan ugly thing is heavily wounded.
The kobold hits you with a +0 dagger.
* * * LOW HITPOINT WARNING * * *
You emit a cloud of foul miasma!
You focus your inner power and blind the kobold in retribution!
The cyan ugly thing barely misses you.
Unknown command.
You barely miss the cyan ugly thing. You tail-slap the cyan ugly thing.
The cyan ugly thing looks even weaker.
The cyan ugly thing is heavily wounded.
The kobold is engulfed in dark miasma.
The kobold is poisoned.
The kobold misses you. The cyan ugly thing gores you.
* * * LOW HITPOINT WARNING * * *
The cyan ugly thing shocks you!
You die...

# ##.....#
###........## ..# ##..
.............#..##...
^.##......[..... ...
#..#..## ..... ..# ###
##....# #..# ..#....
#....# ##.###.....#
###...# ##...#.u[...#
#.....#####.....@†....#
............####.K....#
####.......## ##......#
##..##.## #.....#
#..#.## #.<... ##..#.#
###.. #.##.## . #####.#
##


You could see a cyan ugly thing (weak) and a kobold (blind, unable to see you,
poisoned).

Vanquished Creatures
  A boulder beetle (D:12)
  3 two-headed ogres
  An ugly thing (D:11)
  Maurice (D:7)
  2 manticores
  The ghost of retardedninja the Firebug, a novice GrFE of Vehumet (D:6)
  Maggie (D:6)
  3 trolls
  A hornet (D:8)
  A shadow (D:9)
  2 wraiths
  A vampire (D:9)
  25 yaks
  2 steam dragons
  Menkaure (D:4)
  5 water moccasins
  2 ice beasts
  A sky beast (D:7)
  2 orc warriors
  3 black bears
  4 ogres
  11 centaurs
  3 phantoms
  A kobold brigand (D:9)
  8 bullfrogs
  2 gnoll sergeants
  6 scorpions
  8 wights (D:8)
  6 killer bees (D:9)
  4 bombardier beetles
  3 jellies
  4 quasits (D:6)
  A gnoll bouda (D:6)
  4 orc priests
  Crazy Yiuf (D:6)
  7 hounds
  3 sleepcaps
  5 iguanas
  18 orc wizards
  23 gnolls
  6 adders
  A white imp (D:8)
  4 ufetubi
  2 ribbon worms
  6 dart slugs
  38 orcs
  6 ball pythons
  9 endoplasms
  4 giant cockroaches
  6 goblins
  7 hobgoblins
  5 jackals (D:4)
  4 quokkas
  5 bats
  3 frilled lizards
  14 kobolds
  4 rats
  A spectral hobgoblin (D:3)
306 creatures vanquished.

Vanquished Creatures (others)
  A two-headed ogre (D:11)
  A yak (D:11)
  An orc wizard (D:9)
  An orc (D:8)
4 creatures vanquished.

Grand Total: 310 creatures vanquished

Notes
Turn   | Place    | Note
-------+----------+-------------------------------------------
     0 | D:1      | Gadfly the Demonspawn Monk began the quest for the Orb.
     0 | D:1      | Reached XP level 1. HP: 18/18 MP: 1/1
   321 | D:1      | Gained mutation: You have a small tail. [demonic ancestry]
   321 | D:1      | Reached XP level 2. HP: 8/24 MP: 2/2
   635 | D:1      | Reached skill level 3 in Unarmed Combat
   657 | D:1      | Reached skill level 1 in Evocations
   777 | D:1      | Reached skill level 1 in Shapeshifting
   777 | D:1      | Gained mutation: You are partially covered in slimy green
                  | scales. (AC +2) [demonic ancestry]
   777 | D:1      | Reached XP level 3. HP: 28/29 MP: 3/3
  1290 | D:2      | Gained mutation: You regenerate a little health from kills.
                  | [demonic ancestry]
  1290 | D:2      | Reached XP level 4. HP: 35/35 MP: 4/4
  1633 | D:2      | Learned a level 3 spell: Swiftness
  1728 | D:3      | Found a faded altar of an unknown god.
  1976 | D:3      | Gained mutation: You have a tail ending in a sharp stinger.
                  | [demonic ancestry]
  1976 | D:3      | Reached XP level 5. HP: 40/41 MP: 5/5
  2666 | D:4      | Noticed Menkaure
  2677 | D:4      | Killed Menkaure
  2678 | D:4      | Reached skill level 4 in Unarmed Combat
  2678 | D:4      | Gained mutation: You may rarely emit foul miasma when
                  | damaged in melee. [demonic ancestry]
  2678 | D:4      | Reached XP level 6. HP: 42/47 MP: 6/6
  2837 | D:4      | Found a broken altar of Ashenzari.
  3524 | D:4      | Found a staircase to the Ecumenical Temple.
  3696 | Temple   | Entered the Ecumenical Temple
  3701 | Temple   | Became a worshipper of Ru the Awakened
  3754 | D:5      | Entered Level 5 of the Dungeon
  3756 | D:5      | Noticed a water moccasin
  3766 | D:5      | Killed a water moccasin
  3767 | D:5      | Gained mutation: You are mostly covered in slimy green
                  | scales. (AC +3) [demonic ancestry]
  3767 | D:5      | Reached XP level 7. HP: 35/52 MP: 7/7
  3878 | D:5      | Reached skill level 5 in Unarmed Combat
  3934 | D:5      | Found Xotoereu's Assorted Antiques.
  3974 | D:5      | Bought a viscous coppery potion for 18 gold pieces
  3974 | D:5      | Bought a scroll labelled LUBEONN JAOGIS for 20 gold pieces
  3974 | D:5      | Bought a ruby potion for 18 gold pieces
  4055 | D:5      | Gained mutation: You have a sharp stinger which inflicts
                  | weakening toxins. [demonic ancestry]
  4055 | D:5      | Reached XP level 8. HP: 60/60 MP: 8/8
  4856 | D:6      | Reached skill level 6 in Unarmed Combat
  5008 | D:6      | Found a runed translucent door.
  5009 | D:6      | Noticed Crazy Yiuf
  5060 | D:6      | Found a transporter.
  5080 | D:6      | Noticed retardedninja's ghost (novice GrFE)
  5132 | D:6      | Reached skill level 5 in Shapeshifting
  5132 | D:6      | Gained mutation: You regenerate health from kills. [demonic
                  | ancestry]
  5132 | D:6      | Reached XP level 9. HP: 64/66 MP: 9/9
  5137 | D:6      | Found a transporter.
  5170 | D:6      | Reached skill level 5 in Dodging
  5283 | D:6      | Reached skill level 5 in Evocations
  5439 | D:6      | Noticed Maggie
  5450 | D:6      | Killed Maggie
  5672 | D:6      | Gained mutation: You are hated by all. [Ru sacrifice]
  5672 | D:6      | Reached * piety under Ru
  5909 | D:6      | Reached skill level 5 in Fighting
  6072 | D:6      | Killed Crazy Yiuf
  6354 | D:6      | Killed retardedninja's ghost
  6355 | D:6      | Reached skill level 7 in Unarmed Combat
  6387 | D:7      | Noticed Maurice
  6791 | D:7      | Maurice stole 204 gold
  6798 | D:7      | Killed Maurice
  6799 | D:7      | Reached XP level 10. HP: 65/74 MP: 6/10
  7595 | D:8      | Identified the +2 spear of Juxeg {freeze, Dex+3}
  8372 | D:8      | Paralysed by a hornet for 1 turns
  8386 | D:8      | Gained mutation: You take slightly more damage. (AC -5) [Ru
                  | sacrifice]
  8386 | D:8      | Reached ** piety under Ru
  8386 | D:8      | Reached *** piety under Ru
  8555 | D:9      | Noticed a two-headed ogre
  8561 | D:9      | Killed a two-headed ogre
  8562 | D:9      | Reached skill level 8 in Unarmed Combat
  9257 | D:10     | Entered Level 10 of the Dungeon
  9257 | D:10     | Found a staircase to the Lair.
  9335 | D:9      | Reached XP level 11. HP: 82/83 MP: 11/11
  9713 | D:10     | Noticed a two-headed ogre
  9726 | D:10     | Killed a two-headed ogre
  9956 | D:10     | Found an iron altar of Okawaru.
  9956 | D:10     | Noticed a two-headed ogre
  9969 | D:10     | Killed a two-headed ogre
 10025 | D:10     | Found a hide-covered altar of Uskayaw.
 10138 | D:10     | Found a shimmering blue altar of Sif Muna.
 10320 | D:10     | Found a burning altar of Makhleb.
 10353 | D:10     | Gained mutation: You cannot study or cast Ice magic. [Ru
                  | sacrifice]
 10353 | D:10     | Gained mutation: You cannot study or cast Alchemy magic.
                  | [Ru sacrifice]
 10353 | D:10     | Gained mutation: You cannot study or cast Translocations
                  | magic. [Ru sacrifice]
 10353 | D:10     | Reached **** piety under Ru
 10548 | D:11     | Reached skill level 9 in Unarmed Combat
 10799 | D:11     | Found Mosch's Distillery.
 10807 | D:11     | Bought a potion of heal wounds for 60 gold pieces
 10807 | D:11     | Bought a potion of mutation for 96 gold pieces
 10944 | D:11     | Noticed a red ugly thing
 10956 | D:11     | Killed a red ugly thing
 11112 | D:11     | Noticed a two-headed ogre
 11145 | D:11     | Killed a two-headed ogre
 11371 | D:12     | Noticed a boulder beetle
 11387 | D:12     | Killed a boulder beetle
 11388 | D:12     | Reached XP level 12. HP: 39/93 MP: 12/12
 11447 | D:12     | Noticed a boulder beetle
 11546 | D:12     | Slain by a cyan ugly thing

Illustrated notes

Levels and vault maps discovered:
D:1:      lightli_arrival_isolated_outpost, layout_basic
D:2:      layout_loops_ring
D:3:      minmay_general_purpose_star, layout_basic,
          dreamdust_ecumenical_altar_drowned_temple
D:4:      layout_basic, ashenzari_conservatory_becter, minmay_temple_entry_hall,
          hex_medium, interstate_on_off, uniq_menkaure
D:5:      layout_loops_ring, serial_shops, nicolae_shop_gibbet_a_chance,
          kennysheep_generic_room_8
D:6:      layout_basic, gammafunk_ghost_stat_death, uniq_maggie,
          uniq_crazy_yiuf_cottage
D:7:      layout_rooms, lemuel_crystal_altar, uniq_maurice
D:8:      layout_gridville
D:9:      layout_irregular_city
D:10:     layout_roguey, lemuel_blue_sif_altar, jmf_multi_god_temple2,
          chequers_temple_overflow_statue_of_worship,
          due_lair_maze_entry_diamond, hangedman_decor_clover_reticule
D:11:     layout_loops_cross, serial_shops, shop
D:12:     layout_layer_cave, erik_orc_4, uniq_frances
Temple:   minmay_freezing_vapour_temple

Skill      XL: |  1  2  3  4  5  6  7  8  9 10 11 |
---------------+----------------------------------+-----
Unarmed Combat | 3 4 5 6 7 8 9 |  9.8
Evocations     | 1 2 3 4 5 7 8 |  8.2
Shapeshifting  | 1 2 3 5 6 7 8 |  8.4
Dodging        | 3 4 6 7 8 |  8.4
Fighting       | 4 5 6 8 |  8.2

Action                     |  1- 3 |  4- 6 |  7- 9 | 10-12 || total
---------------------------+-------+-------+-------+-------++-------
  Melee: Unarmed           |    46 |       |    30 |   528 ||   604
         Dagger            |    59 |   188 |   393 |   155 ||   795
         Tailslap          |    10 |    36 |    91 |   156 ||   293
         Punch             |       |       |       |    55 ||    55
 Invoke: Reject Sacrifices |       |     1 |       |       ||     1
         Sacrifice Love    |       |       |     1 |       ||     1
         Sacrifice Health  |       |       |       |     1 ||     1
         Sacrifice Arcana  |       |       |       |     1 ||     1
  Evoke: Wand              |       |       |       |     6 ||     6
    Use: Scroll            |     3 |     6 |     4 |     7 ||    20
         Potion            |     1 |       |     4 |     1 ||     6
   Stab: Sleeping          |       |       |     3 |     3 ||     6
         Invisible         |       |       |       |     9 ||     9
 Armour: Robe              |    41 |       |   350 |   306 ||   697
         Leather armour    |    12 |   101 |    21 |       ||   134
         Steam dragon scal |       |       |       |    98 ||    98
  Dodge: Dodged            |    69 |   124 |   373 |   782 ||  1348
